AoeStats
← mhilla73

Nomad

509506843Analyzed
4v4 RM · 7d ago on Sep 27, 2026· 49m 45s· 8 players
Game mode
Random Map
Map size
231×231
Population
200
Speed
Normal
Resources
Standard
Victory
Conquest
Starting age
Dark Age
Ending age
Imperial Age
RankedLock teamsTeams togetherTeam positionsShared explorationLock speedFull tech treeHidden civsTurbo modeCheats
Victory
Defeat
🇺🇸 Spanish · United States
1519
+10
🇺🇸 Varangians · United States
1475
+12
🇺🇸 Koreans · United States
1276
+19
🇺🇸 Saxons · United States
1186
+22
🇺🇸 Vikings · United States
1396
-17
🇻🇳 Danes · Vietnam
1364
-16
🇫🇷 Sicilians · France
1350
-15
🇮🇳 Persians · India
1348
-15
x_treme77
4:00 Loom
13:08 Feudal Age
17:06 Castle Age
17:40 Double-Bit Axe
25:20 Wheelbarrow
25:03 Bow Saw
27:14 Horse Collar
31:52 Imperial Age
29:35 Scale Mail Armor
29:47 Forging
30:01 Pikeman
31:29 Chain Mail Armor
33:59 Iron Casting
34:05 Plate Mail Armor
33:37 Gold Mining
33:52 Squires
36:03 Blast Furnace
34:57 Gambesons
36:56 Arson
36:54 Elite Varangian Guard
39:10 Hand Cart
38:41 Town Watch
39:37 Fletching
39:54 Halberdier
41:44 Heavy Plow
43:56 Ballistics
43:33 Bodkin Arrow
45:48 Man-at-Arms
46:57 Long Swordsman
48:16 Two-Handed Swordsman
rubatubdubs
4:29 Loom
12:41 Feudal Age
16:40 Castle Age
15:27 Fletching
18:10 Bodkin Arrow
21:27 Double-Bit Axe
22:49 Horse Collar
24:36 Wheelbarrow
24:02 Town Watch
24:48 Bow Saw
27:29 Hand Cart
28:42 Gold Mining
28:44 Stone Mining
30:10 Gold Mining
35:24 Imperial Age
33:44 Padded Archer Armor
35:15 Leather Archer Armor
35:36 Bloodlines
35:28 Husbandry
36:44 Ring Archer Armor
36:40 Conscription
36:43 Bracer
37:30 Elite Conquistador
41:55 Heavy Plow
42:38 Ballistics
43:20 Chemistry
45:46 Hoardings
Divine
4:20 Loom
13:36 Feudal Age
14:19 Double-Bit Axe
18:26 Castle Age
17:57 Fishing Lines
19:23 Medium Warships
21:16 Wheelbarrow
22:06 Fletching
25:02 Bow Saw
31:40 Imperial Age
30:26 Forging
30:55 Scale Mail Armor
38:49 Iron Casting
42:51 Eupseong
43:09 Bodkin Arrow
44:18 Arrowslits
48:14 Elite Fire Lancer
49:10 Chain Mail Armor
49:28 Murder Holes
mhilla73
10:24 Loom
16:19 Feudal Age
19:14 Fletching
25:06 Castle Age
25:46 Bodkin Arrow
27:03 Double-Bit Axe
27:52 Stone Mining
34:05 Gold Mining
35:23 Ballistics
39:47 Bow Saw
42:22 Gambesons
47:29 Forging
47:20 Scale Mail Armor
Dedpool_Aoe
16:02 Feudal Age
16:41 Loom
Hero Unit
4:57 Loom
13:27 Feudal Age
14:53 Fishing Lines
19:48 Castle Age
18:35 Double-Bit Axe
19:06 Fletching
21:23 Bow Saw
21:57 Bodkin Arrow
23:44 Clinker Construction
25:24 Ballistics
26:03 Gillnets
27:03 Horse Collar
27:22 Stone Mining
28:26 Heavy Plow
28:30 Gold Mining
31:30 Careening
33:08 Chieftains
34:29 Gold Shaft Mining
39:29 Imperial Age
37:40 Padded Archer Armor
37:22 Treadmill Crane
37:52 Masonry
37:57 Scale Mail Armor
38:07 Forging
37:23 Elite Skirmisher
38:14 Squires
38:00 Arson
39:36 Leather Archer Armor
39:36 Chain Mail Armor
40:58 Bracer
40:25 Elite Longship
40:43 Elite Berserk
42:35 Ring Archer Armor
42:15 Siege Engineers
43:05 Conscription
44:49 Chemistry
47:28 Plate Mail Armor
47:33 Iron Casting
NPChinh
4:55 Loom
15:59 Feudal Age
16:10 Man-at-Arms
16:37 Arson
16:48 Gold Mining
16:43 Fishing Lines
25:07 Castle Age
30:03 Castle Age
31:10 Forging
31:00 Scale Mail Armor
31:02 Gillnets
31:15 Stone Mining
31:50 Double-Bit Axe
32:48 Bow Saw
33:28 Iron Casting
33:08 Chain Mail Armor
37:06 Squires
40:05 Horse Collar
41:40 Heavy Plow
46:32 Imperial Age
43:40 Hamask
46:41 Gambesons
Vu_PY
13:08 Feudal Age
14:17 Loom
17:04 Castle Age
15:43 Double-Bit Axe
16:41 Fishing Lines
17:40 Horse Collar
18:47 Bow Saw
20:20 Wheelbarrow
19:40 Gold Mining
20:19 Heavy Plow
27:56 Imperial Age
25:52 Scale Barding Armor
26:20 Forging
27:10 Chain Barding Armor
27:34 Coinage
27:38 Bloodlines
27:29 Husbandry
27:25 Fletching
29:14 Plate Barding Armor
28:07 Cavalier
29:21 Hand Cart
31:07 Plate Barding Armor
31:34 Padded Archer Armor
31:30 Bodkin Arrow
32:53 Leather Archer Armor
32:36 Elite Skirmisher
34:34 Ring Archer Armor
33:41 Savar
35:20 Town Watch
36:18 Conscription
36:59 Iron Casting
37:06 Thumb Ring
39:37 Blast Furnace
42:41 Banking
43:06 Town Patrol
48:59 Chemistry
48:20 Ballistics
48:15 Scale Mail Armor
49:54 Chain Mail Armor
Connection lost

Rejoining the realm…

Still unreachable

The connection could not be restored.

Session expired

The server has moved on; the page needs a fresh start.